 Dungeon Crawl Stone Soup version 0.22.1-1-ga44c0e56f4 (webtiles) character file.

3129 PikkenKukken the Merchant of Misery (level 9, -1/68 HPs)
             Began as a Demonspawn Necromancer on Oct 7, 2018.
             Was a Believer of Kikubaaqudgha.
             Slain by a centaur (8 damage)
             ... on level 8 of the Dungeon.
             The game lasted 00:43:56 (10404 turns).

PikkenKukken the Merchant of Misery (DsNe)         Turns: 10404, Time: 00:43:56

Health: -1/68      AC: 10    Str: 10    XL:     9   Next: 61%
Magic:  0/16       EV: 14    Int: 17    God:    Kikubaaqudgha [**....]
Gold:   284        SH:  0    Dex: 15    Spells: 6/18 levels left

rFire    . . .     SeeInvis .     - Unarmed
rCold    . . .     Gourm    .   (no shield)
rNeg     + . .     Faith    .   y - +0 leather armour
rPois    .         Spirit   +   g - +0 helmet
rElec    .         Reflect  .   (no cloak)
rCorr    .         Harm     .   (gloves unavailable)
MR       .....                  (no boots)
Stlth    ++........             (no amulet)
HPRegen  0.21/turn              q - ring of wizardry
MPRegen  0.15/turn              x - ring of positive energy

@: lethally poisoned (-1 -> -8), sanguine armour, berserk cooldown, slowed, very
slow
A: claws 3, powered by death 1, magic shield, sanguine armour 1
a: Receive Corpses, Renounce Religion


You were on level 8 of the Dungeon.
You worshipped Kikubaaqudgha.
Kikubaaqudgha was pleased with you.
You were not hungry.

You visited 1 branch of the dungeon, and saw 10 of its levels.

You collected 431 gold pieces.
You spent 147 gold pieces at shops.

Inventory:

Hand Weapons
 a - a +0 short sword
 b - a +1 hunting sling
Missiles
 h - 48 sling bullets
Armour
 e - a +1 robe
 g - a +0 helmet (worn)
 j - a +0 pair of gloves
 y - a +0 leather armour (worn)
Jewellery
 i - a +6 ring of strength {unknown}
 q - a ring of wizardry (left claw)
 s - an uncursed ring of flight
 x - a ring of positive energy (right claw)
Wands
 u - a wand of flame (14)
Scrolls
 m - 6 scrolls of remove curse
 o - a scroll of magic mapping
 r - a scroll of enchant weapon
 w - 3 scrolls of amnesia
Potions
 d - 2 potions of curing
 k - 3 potions of flight
 l - 4 potions of heal wounds
 n - 2 potions of magic {unknown}
 v - a potion of brilliance {unknown}
 A - a potion of ambrosia {unknown}
Comestibles
 c - 5 rations
 p - 2 chunks of flesh


   Skills:
 - Level 5.0 Fighting
 - Level 1.6 Slings
 - Level 5.0 Armour
 - Level 5.0 Dodging
 - Level 1.7 Stealth
 + Level 5.5 Unarmed Combat
 - Level 5.0 Spellcasting
 - Level 7.1 Necromancy


You had 6 spell levels left.
You knew the following spells:

 Your Spells              Type           Power        Failure   Level  Hunger
a - Pain                  Necr           ####         1%          1    None
b - Animate Skeleton      Necr           N/A          1%          1    None
c - Vampiric Draining     Necr           ####......   1%          3    ###....
d - Regeneration          Chrm/Necr      ###.......   5%          3    ###....
e - Animate Dead          Necr           N/A          4%          4    ####...

Your spell library contained the following spells:

 Spells                   Type           Power        Failure   Level  Hunger
 Corpse Rot               Necr           N/A          1%          2    #......
 Sublimation of Blood     Necr           ####......   1%          2    #......
 Sandblast                Erth           #.....       8%          1    None
 Passwall                 Tmut/Erth      #.......     12%         2    #......
 Stone Arrow              Conj/Erth      #.....       22%         3    ###....
 Petrify                  Tmut/Erth      #.......     56%         4    ####...
 Lee's Rapid Deconstruct  Erth           #.........   87%         5    ######.


Dungeon Overview and Level Annotations

Branches:
Dungeon (10/15)            Temple (0/1) D:5
   Lair: D:8-11         Orc: D:9-12

Altars:
Ashenzari
Fedhas
Kikubaaqudgha
Makhleb
Okawaru
Ru
Uskayaw
Vehumet
Xom

Shops:
D:4 ?

Annotations:
D:10 Sonja


Innate Abilities, Weirdness & Mutations

You have claws for hands.
You regenerate a little health from kills.
When hurt, damage is shared between your health and your magic reserves.
When seriously injured, your bleeding wounds create armour. (AC +6)


Message History

You hear an angry buzzing noise. x2; You hear a shout!
The killer bee rages.
The centaur hits you but does no damage.
The killer bee stings you.
* * * LOW HITPOINT WARNING * * *
You are more poisoned.
The killer bee poisons you! The centaur closely misses you.
The killer bee stings you.
* * * LOW HITPOINT WARNING * * *
You see here 17 gold pieces.
You feel sick.
The killer bee rages.
The centaur hits you but does no damage.
You hear an angry buzzing noise.
The killer bee stings you but does no damage.
The centaur closely misses you. The killer bee stings you.
* * * LOW HITPOINT WARNING * * *
The centaur hits you!
You die...
Kikubaaqudgha rasps: "You have failed me!
Welcome... death!"

.....## ....<.#
...... ....# ##
...# ##.. ...#
#...# ###...#
#.
....####y@...#
##..
#..#yyc##..#
#...# #.yy###
..# # ....
##o## #.# ..
#..#####†# #
...#.......y#
............#
#.......##..#
##....>.###....


You could see a centaur, 5 killer bees and an orc.

Vanquished Creatures
  2 hippogriffs
  A wyvern (D:8)
  A yak (D:9)
  An orc warrior (D:7)
  2 water moccasins
  An ice beast (D:5)
  5 ogres
  A bullfrog (D:6)
  A scorpion (D:7)
  3 killer bees (D:8)
  4 crimson imps
  A centaur skeleton (D:4)
  A bullfrog zombie (D:4)
  A centaur zombie (D:5)
  A hound (D:4)
  3 jellies
  9 orc wizards
  2 orc priests (D:5)
  An iguana (D:5)
  Natasha (thrice) (D:4)
  4 worker ants
  A hound skeleton (D:7)
  A worker ant zombie (D:7)
  A gnoll (D:7)
  5 adders
  A shadow imp (D:7)
  An adder skeleton (D:5)
  2 worms
  4 dart slugs
  3 leopard geckos
  23 orcs
  2 ball pythons
  4 giant cockroaches
  7 goblins
  3 hobgoblins
  14 jackals
  6 quokkas
  5 bats
  3 frilled lizards
  8 kobolds
  A quokka zombie (D:6)
  3 rats (D:1)
146 creatures vanquished.

Vanquished Creatures (collateral kills)
  2 hungry ghosts (D:7)
  2 bullfrogs (D:7)
  A scorpion (D:7)
  A crimson imp (D:6)
  A hound (D:5)
  2 orc wizards
  A gnoll shaman (D:7)
  An orc priest (D:7)
  A worker ant (D:7)
  2 gnolls (D:7)
  2 adders
  8 orcs
  A goblin (D:3)
  A jackal (D:4)
  A quokka (D:7)
  A ball python (D:2)
  A bat (D:2)
  A kobold (D:1)
  A rat (D:2)
31 creatures vanquished.

Grand Total: 177 creatures vanquished

Notes
Turn   | Place    | Note
-------+----------+-------------------------------------------
     0 | D:1      | PikkenKukken the Demonspawn Necromancer began the quest for
                  | the Orb.
     0 | D:1      | Reached XP level 1. HP: 13/13 MP: 3/3
    77 | D:1      | Learned a level 1 spell: Animate Skeleton
   461 | D:1      | Gained mutation: You have sharp fingernails. [demonic
                  | ancestry]
   461 | D:1      | Reached XP level 2. HP: 15/19 MP: 0/5
   542 | D:1      | Reached skill level 5 in Necromancy
  1317 | D:2      | Reached skill level 1 in Slings
  1317 | D:2      | Gained mutation: When seriously injured, your bleeding
                  | wounds create armour. (AC +6) [demonic ancestry]
  1317 | D:2      | Reached XP level 3. HP: 21/24 MP: 1/6
  1679 | D:2      | Learned a level 3 spell: Vampiric Draining
  2448 | D:3      | Gained mutation: You have very sharp fingernails. [demonic
                  | ancestry]
  2448 | D:3      | Reached XP level 4. HP: 23/30 MP: 7/7
  2609 | D:3      | Reached skill level 6 in Necromancy
  3476 | D:4      | Reached XP level 5. HP: 22/35 MP: 1/8
  3640 | D:4      | Learned a level 3 spell: Regeneration
  3663 | D:4      | Noticed Natasha
  3716 | D:4      | Found Ywicw's Magic Scroll Shoppe.
  3719 | D:4      | Bought a scroll of identify for 28 gold pieces
  3719 | D:4      | Bought a scroll of magic mapping for 49 gold pieces
  3719 | D:4      | Bought a scroll of identify for 28 gold pieces
  3719 | D:4      | Bought a scroll of teleportation for 42 gold pieces
  3746 | D:4      | Reached skill level 7 in Necromancy
  3841 | D:4      | Found a blossoming altar of Fedhas.
  3858 | D:4      | Killed Natasha
  3921 | D:4      | Reached XP level 6. HP: 32/41 MP: 10/10
  3973 | D:4      | Found a radiant altar of Vehumet.
  4007 | D:4      | Noticed Natasha
  4017 | D:4      | Killed Natasha
  4225 | D:4      | Noticed Natasha
  4237 | D:4      | Killed Natasha
  4600 | D:5      | Entered Level 5 of the Dungeon
  4618 | D:5      | Noticed an ice beast
  5049 | D:5      | Noticed a water moccasin
  5055 | D:5      | Killed a water moccasin
  5055 | D:5      | Gained mutation: When hurt, damage is shared between your
                  | health and your magic reserves. [demonic ancestry]
  5055 | D:5      | Reached XP level 7. HP: 39/46 MP: 0/14
  5219 | D:5      | Found an ancient bone altar of Kikubaaqudgha.
  5223 | D:5      | Became a worshipper of Kikubaaqudgha
  5229 | D:5      | Found an iron altar of Okawaru.
  5232 | D:5      | Found a shimmering altar of Xom.
  5235 | D:5      | Found a hide-covered altar of Uskayaw.
  5270 | D:5      | Reached skill level 5 in Spellcasting
  5516 | D:5      | Learned a level 4 spell: Animate Dead
  5621 | D:5      | Found a burning altar of Makhleb.
  5727 | D:5      | Reached skill level 1 in Fighting
  5728 | D:5      | Found a staircase to the Ecumenical Temple.
  5799 | D:5      | Reached skill level 1 in Armour
  5984 | D:5      | Found a sacrificial altar of Ru.
  6892 | D:6      | Gained mutation: You regenerate a little health from kills.
                  | [demonic ancestry]
  6892 | D:6      | Reached XP level 8. HP: 57/57 MP: 15/15
  7235 | D:6      | Reached * piety under Kikubaaqudgha
  7235 | D:6      | Identified Kikubaaqudgha's Almanac of Sinister Rites
                  | (Kikubaaqudgha gifted it to you on level 6 of the Dungeon)
  7235 | D:6      | Received a gift from Kikubaaqudgha
  7540 | D:6      | Found a shattered altar of Ashenzari.
  8813 | D:7      | Reached skill level 5 in Fighting
  8813 | D:7      | Reached skill level 5 in Dodging
  8813 | D:7      | Gained mutation: You have claws for hands. [demonic
                  | ancestry]
  8813 | D:7      | Reached XP level 9. HP: 42/68 MP: 5/16
  9067 | D:7      | Reached ** piety under Kikubaaqudgha
  9427 | D:7      | Reached skill level 5 in Armour
  9678 | D:7      | You fall through a shaft for 2 floors!
  9678 | D:9      | Noticed a two-headed ogre
  9810 | D:10     | Entered Level 10 of the Dungeon
  9812 | D:10     | Paralysed by a hornet for 1 turns
 10198 | D:10     | Noticed Sonja
 10385 | D:8      | Reached skill level 5 in Unarmed Combat
 10394 | D:8      | Noticed a queen bee
 10404 | D:8      | Slain by a centaur

Skill      XL: |  1  2  3  4  5  6  7  8  9 |
---------------+----------------------------+-----
Necromancy     | 5 6 7 |  7.1
Slings         | 1 |  1.6
Spellcasting   | 4 5 |  5.0
Dodging        | 3 5 |  5.0
Fighting       | 2 5 |  5.0
Armour         | 2 4 5 |  5.0
Unarmed Combat | 5 |  5.5
Stealth        | |  1.7

Action                   |  1- 3 |  4- 6 |  7- 9 || total
-------------------------+-------+-------+-------++-------
Melee: Unarmed           |    15 |       |    87 ||   102
       Short sword       |    58 |   152 |   325 ||   535
       Mace              |       |       |     3 ||     3
       Punch             |       |       |     1 ||     1
 Fire: Hunting sling     |    98 |    42 |   166 ||   306
 Cast: Pain              |    13 |       |       ||    13
       Animate Skeleton  |    12 |    12 |    13 ||    37
       Vampiric Draining |     2 |    12 |    27 ||    41
       Regeneration      |       |     7 |    27 ||    34
       Animate Dead      |       |       |    19 ||    19
Invok: Receive Corpses   |       |       |     4 ||     4
Evoke: Wand              |       |       |     2 ||     2
  Use: Scroll            |     3 |     4 |    12 ||    19
       Potion            |       |       |     8 ||     8
 Stab: Sleeping          |     1 |       |       ||     1
  Eat: Chunk             |     5 |    11 |     7 ||    23
       Ration            |       |       |     9 ||     9
Armor: Robe              |    28 |    52 |    35 ||   115
       Leather armour    |       |       |   103 ||   103
Dodge: Dodged            |   110 |    82 |   307 ||   499
